 Dungeon Crawl Stone Soup version 0.27-a0-668-gb5737ff2c0 (webtiles) character file.

Game seed: 999715227144159295

125 kreisler the Covert (level 5, -3/34 HPs)
             Began as an Octopode Brigand on Mar 18, 2021.
             Slain by a sky beast (5 damage)
             ... on level 3 of the Dungeon.
             The game lasted 00:08:10 (1615 turns).

kreisler the Covert (Octopode Brigand)              Turns: 1615, Time: 00:08:11

Health: -3/34      AC:  1    Str: 10    XL:     5   Next: 9%
Magic:  5/5        EV: 13    Int: 13    God:
Gold:   112        SH:  0    Dex: 15    Spells: 4/4 levels left

rFire    . . .     SeeInvis .   a - +5 dagger
rCold    . . .     Faith    .   (no shield)
rNeg     . . .     Spirit   .   (helmet restricted)
rPois    .         Reflect  .   (no amulet)
rElec    .         Harm     .   (no ring)
rCorr    .         Rampage  .   (no ring)
Will     .....                  (no ring)
Stlth    +++++.....             (no ring)
HPRegen  0.11/turn              (no ring)
MPRegen  0.09/turn              (no ring)
                                (no ring)
                                (no ring)

@: no status effects
A: almost no armour, amphibious, 8 rings, camouflage 1, gelatinous body 1,
nimble swimmer 1, tentacles
a: no special abilities


You were on level 3 of the Dungeon.
You visited 1 branch of the dungeon, and saw 3 of its levels.

You collected 112 gold pieces.

Inventory:

Hand Weapons
 a - a +5 dagger (weapon)
 d - a +2 short sword of holy wrath
Missiles
 b - 8 poisoned darts (quivered)
 c - 4 curare-tipped darts
Scrolls
 e - a scroll of identify
 g - 2 scrolls of magic mapping {unknown}
 h - 2 scrolls of amnesia
 i - a scroll of teleportation
Potions
 f - a potion of lignification {unknown}


   Skills:
 + Level 2.0 Fighting
 + Level 2.5 Short Blades
 + Level 2.2 Throwing
 + Level 1.2 Dodging
 + Level 8.0 Stealth


You had 4 spell levels left.
You didn't know any spells.
Your spell library was empty.

Dungeon Overview and Level Annotations

Branches:
Dungeon (3/15)

Altars:
Ashenzari
Makhleb
Ru
Xom


Innate Abilities, Weirdness & Mutations

You cannot wear most types of armour.
You are amphibious.
You can wear up to eight rings at the same time.
Your skin changes colour to match your surroundings (Stealth+).
Your rubbery body absorbs attacks. (AC +1, EV +1)
You are stealthy while swimming. (Stealth+)
You have tentacles for arms and can constrict up to eight enemies at once.


Message History

Autopickup is now on.
Deactivating autopickup; reactivate with Ctrl-A.
You closely miss something. Something hits you. Something shocks you.
A goblin comes into view.
Autopickup is now on.
A sky beast appears from thin air!
You barely miss the sky beast. The sky beast hits you.
The sky beast shocks you.
You hit the sky beast.
The sky beast is lightly wounded.
The sky beast barely misses you.
You miss the sky beast.
The sky beast is lightly wounded.
The sky beast closely misses you.
You closely miss the sky beast. You squeeze the sky beast!
The sky beast is heavily wounded.
You hit the sky beast. Your squeeze misses the sky beast.
The sky beast is heavily wounded.
The sky beast hits you.
* * * LOW HITPOINT WARNING * * *
The sky beast shocks you.
* * * LOW HITPOINT WARNING * * *
You hit the sky beast.
The sky beast is severely wounded.
The sky beast closely misses you.
You barely miss the sky beast.
The sky beast is severely wounded.
The sky beast hits you but does no damage.
You miss the sky beast.
The sky beast is severely wounded.
The sky beast misses you.
You hit the sky beast. Your squeeze misses the sky beast.
The sky beast is severely wounded.
The sky beast barely misses you.
You hit the sky beast but do no damage. Your squeeze misses the sky beast.
The sky beast is severely wounded.
The sky beast flickers out of sight!
Deactivating autopickup; reactivate with Ctrl-A.
Something hits you.
You die...

####.### #....... #.#####.
#.# #. ################.#
#. ####..............†.#
#.
........##..#.##.##.#####.
g##..#..##..#.##.##.......
#. #..{@...†##.#####.###
#..#.###..####.##.......
#.........####.##.##.##.
#.##.####......##.##.##.
.. .. #.......#......... #
####.......#...>.....
#..................
#..................
#..................


There were no monsters in sight!

Vanquished Creatures
  Natasha (twice) (D:3)
  An adder (D:3)
  A worm (D:2)
  A dart slug (D:3)
  6 leopard geckos
  2 giant cockroaches (D:3)
  4 goblins
  3 hobgoblins
  9 jackals
  3 quokkas
  2 ball pythons (D:3)
  6 bats
  6 kobolds
  7 rats
53 creatures vanquished.

Notes
Turn   | Place    | Note
-------+----------+-------------------------------------------
     0 | D:1      | kreisler the Octopode Brigand began the quest for the Orb.
     0 | D:1      | Reached XP level 1. HP: 14/14 MP: 1/1
    62 | D:1      | Reached XP level 2. HP: 19/19 MP: 2/2
   121 | D:1      | Reached skill level 6 in Stealth
   192 | D:1      | Found a broken altar of Ashenzari.
   361 | D:1      | Reached XP level 3. HP: 24/24 MP: 3/3
   831 | D:2      | Found a shimmering altar of Xom.
   832 | D:2      | Found a burning altar of Makhleb.
  1068 | D:2      | Found a sacrificial altar of Ru.
  1272 | D:3      | Reached skill level 7 in Stealth
  1425 | D:3      | Reached XP level 4. HP: 28/29 MP: 4/4
  1577 | D:3      | Noticed Natasha
  1580 | D:3      | Killed Natasha
  1585 | D:3      | Noticed Natasha
  1589 | D:3      | Noticed a sky beast
  1593 | D:3      | Killed Natasha
  1594 | D:3      | Reached skill level 8 in Stealth
  1594 | D:3      | Reached XP level 5. HP: 26/34 MP: 5/5
  1615 | D:3      | Slain by a sky beast

Illustrated notes

Levels and vault maps discovered:
D:1:      tarquinn_simple_flora_water_a, layout_rooms, evilmike_ruin_ashenzari
D:2:      layout_basic, gammafunk_temple_overflow_pools, hangedman_ru_absence
D:3:      layout_loops_cross, okawaru_altar_gauntlet_db, uniq_natasha

Skill      XL: |  1  2  3  4 |
---------------+-------------+-----
Stealth        | 6 7 8 |  8.0
Fighting       | |  2.0
Short Blades   | |  2.5
Throwing       | |  2.2
Dodging        | |  1.2

Action                   |  1- 3 |  4- 6 || total
-------------------------+-------+-------++-------
Melee: Dagger            |    60 |    24 ||    84
       Constrict         |    13 |     2 ||    15
       Tentacles         |     6 |     2 ||     8
  Use: Scroll            |     9 |       ||     9
       Potion            |     5 |       ||     5
 Stab: Sleeping          |    25 |     5 ||    30
Armor: Skin              |     8 |     1 ||     9
Dodge: Dodged            |    29 |     9 ||    38

Table legend: (Time is in decaauts)
 A = Elapsed time spent in this place.
 B = Non-inter-level travel time spent in this place.
 C = Inter-level travel time spent in this place.
 D = Time resting spent in this place.
 E = Time spent auto-exploring this place.
 F = Levels seen in this place.
 G = Mean time per level.
                   A        B        C        D        E       F      G
               +--------+--------+--------+--------+--------+-----+--------+
         Total |   1585 |   1578 |      7 |    167 |   1004 |   3 |  528.3 |
       Dungeon |   1585 |   1578 |      7 |    167 |   1004 |   3 |  528.3 |
               +--------+--------+--------+--------+--------+-----+--------+

Top non-repeatable levels by time:
     D:1: 606 daAuts
     D:2: 510 daAuts
     D:3: 469 daAuts
